Workbook
Name _Désignation: Désignation[Désignation]
Name _Detail: Détail[Détails]
Name _Fournisseur: Fournisseur[[#All],[Fournisseur ]]

Sheet Devis
B1: Pour actualiser les requêtes : Menu Données, Pavé Requêtes et connexions, Actualiser tout.
B2: Pour afficher les requêtes : Menu Données, Pavé Requêtes et connexions, Requêtes et connexions. | K2: Collage | L2: 60 | M2: =SUMIFS(M12:M1000,D12:D1000,"Collage") -> 0 | N2: =M2*L2 -> 0 | P2: Heure atelier | R2: =SUM(M2:M7) -> 0 | S2: =SUM(N2:N7) -> 0
C3: Client | F3: Prix 1 | K3: Usinage | L3: 80 | M3: =SUMIFS(M12:M1000,D12:D1000,"Usinage") -> 0 | N3: =M3*L3 -> 0 | P3: BE | Q3: 0 | R3: =SUMIFS(M12:M1000,D12:D1000,"BE") -> 0 | S3: =R3*Q3 -> 0
C4: Ouvrage | F4: Total HT | H4: =SUM($Q$14:$Q$1048576) -> 0 | K4: Montage | L4: 60 | M4: =SUMIFS(M12:M1000,D12:D1000,"Montage") -> 0 | N4: =M4*L4 -> 0 | P4: Mise à plat | Q4: 0 | R4: =SUMIFS(M12:M1000,D12:D1000,"Mise à plat") -> 0 | S4: =R4*Q4 -> 0
C5: TVA | D5: 0.2 | F5: Total TTC | H5: =SUM($R$11:$R$1048576) -> 0 | K5: Laque | L5: 60 | M5: =SUMIFS(M12:M1000,D12:D1000,"Laque") -> 0 | N5: =M5*L5 -> 0 | P5: Programmation | Q5: 0 | R5: =SUMIFS(M12:M1000,D12:D1000,"Programmation") -> 0 | S5: =R5*Q5 -> 0
C6: date | K6: Re-montage | L6: 60 | M6: =SUMIFS(M12:M1000,D12:D1000,"Re-montage") -> 0 | N6: =M6*L6 -> 0
C7: Marge | D7: 0.1 | H7: Total heure | K7: Emballage | L7: 30 | M7: =SUMIFS(M12:M1000,D12:D1000,"Emballage") -> 0 | N7: =M7*L7 -> 0 | P7: Pose 1 | Q7: 60 | R7: =SUMIFS(M12:M1000,D12:D1000,"Pose 1") -> 0 | S7: =R7*Q7 -> 0
D8: 0 | H8: =SUM(R2:R8) -> 0 | P8: Pose 2 | Q8: 60 | R8: =SUMIFS(M12:M1000,D12:D1000,"Pose 2") -> 0 | S8: =R8*Q8 -> 0
B10: Désignation | C10: fournisseur | D10: Détails | E10: code article | F10: longueur | G10: largeur | H10: epaisseur | I10: prix HT | J10: Quantité | K10: Volume | L10: Coefficient de perte | M10: Volume Cfté | N10: Sous total | O10: Coefficient de vente | P10: Prix de vente | Q10: Total HT | R10: Total TTC
Q11: =ROUNDUP(SUM(P11),0) -> 0 | R11: =ROUNDUP((($D$5*Q11)+Q11),0) -> 0
B12: Essai | C12: test | D12: toto99 | E12: =VLOOKUP(D12,table[[Détails]:[epaisseur]],2,FALSE) -> planche | F12: =VLOOKUP(D12,table[[Détails]:[epaisseur]],3,FALSE) -> 2.8 | G12: =VLOOKUP(D12,table[[Détails]:[epaisseur]],4,FALSE) -> 2.07 | H12: =VLOOKUP(D12,table[[Détails]:[epaisseur]],5,FALSE) -> 1 | I12: =VLOOKUP(D12,table[[Détails]:[prix HT]],6,FALSE) -> 9.75 | K12: =F12*G12*H12*J12 -> 0 | L12: =VLOOKUP(D12,table[[Détails]:[Coefficient de vente]],7,FALSE) -> 0 | M12: =(K12*L12)+K12 -> 0 | N12: =M12*I12 -> 0 | O12: =VLOOKUP(D12,table[[Détails]:[Coefficient de vente]],8,FALSE) -> 0.1 | P12: =(N12*O12)+N12 -> 0 | R12: =ROUNDUP((($D$5*Q12)+Q12),0) -> 0
E13: =VLOOKUP(D13,table[[Détails]:[epaisseur]],2,FALSE) -> #N/A | F13: =VLOOKUP(D13,table[[Détails]:[epaisseur]],3,FALSE) -> #N/A | G13: =VLOOKUP(D13,table[[Détails]:[epaisseur]],4,FALSE) -> #N/A | H13: =VLOOKUP(D13,table[[Détails]:[epaisseur]],5,FALSE) -> #N/A | I13: =VLOOKUP(D13,table[[Détails]:[prix HT]],6,FALSE) -> #N/A | K13: =F13*G13*H13*J13 -> #N/A | L13: =VLOOKUP(D13,table[[Détails]:[Coefficient de vente]],7,FALSE) -> #N/A | M13: =(K13*L13)+K13 -> #N/A | N13: =M13*I13 -> #N/A | O13: =VLOOKUP(D13,table[[Détails]:[Coefficient de vente]],8,FALSE) -> #N/A | P13: =(N13*O13)+N13 -> #N/A | R13: =ROUNDUP((($D$5*Q13)+Q13),0) -> 0
E14: =VLOOKUP(D14,table[[Détails]:[epaisseur]],2,FALSE) -> #N/A | F14: =VLOOKUP(D14,table[[Détails]:[epaisseur]],3,FALSE) -> #N/A | G14: =VLOOKUP(D14,table[[Détails]:[epaisseur]],4,FALSE) -> #N/A | H14: =VLOOKUP(D14,table[[Détails]:[epaisseur]],5,FALSE) -> #N/A | I14: =VLOOKUP(D14,table[[Détails]:[prix HT]],6,FALSE) -> #N/A | K14: =F14*G14*H14*J14 -> #N/A | L14: =VLOOKUP(D14,table[[Détails]:[Coefficient de vente]],7,FALSE) -> #N/A | M14: =(K14*L14)+K14 -> #N/A | N14: =M14*I14 -> #N/A | O14: =VLOOKUP(D14,table[[Détails]:[Coefficient de vente]],8,FALSE) -> #N/A | P14: =(N14*O14)+N14 -> #N/A | R14: =ROUNDUP((($D$5*Q14)+Q14),0) -> 0
E15: =VLOOKUP(D15,table[[Détails]:[epaisseur]],2,FALSE) -> #N/A | F15: =VLOOKUP(D15,table[[Détails]:[epaisseur]],3,FALSE) -> #N/A | G15: =VLOOKUP(D15,table[[Détails]:[epaisseur]],4,FALSE) -> #N/A | H15: =VLOOKUP(D15,table[[Détails]:[epaisseur]],5,FALSE) -> #N/A | I15: =VLOOKUP(D15,table[[Détails]:[prix HT]],6,FALSE) -> #N/A | K15: =F15*G15*H15*J15 -> #N/A | L15: =VLOOKUP(D15,table[[Détails]:[Coefficient de vente]],7,FALSE) -> #N/A | M15: =(K15*L15)+K15 -> #N/A | N15: =M15*I15 -> #N/A | O15: =VLOOKUP(D15,table[[Détails]:[Coefficient de vente]],8,FALSE) -> #N/A | P15: =(N15*O15)+N15 -> #N/A | R15: =ROUNDUP((($D$5*Q15)+Q15),0) -> 0
E16: =VLOOKUP(D16,table[[Détails]:[epaisseur]],2,FALSE) -> #N/A | F16: =VLOOKUP(D16,table[[Détails]:[epaisseur]],3,FALSE) -> #N/A | G16: =VLOOKUP(D16,table[[Détails]:[epaisseur]],4,FALSE) -> #N/A | H16: =VLOOKUP(D16,table[[Détails]:[epaisseur]],5,FALSE) -> #N/A | I16: =VLOOKUP(D16,table[[Détails]:[prix HT]],6,FALSE) -> #N/A | K16: =F16*G16*H16*J16 -> #N/A | L16: =VLOOKUP(D16,table[[Détails]:[Coefficient de vente]],7,FALSE) -> #N/A | M16: =(K16*L16)+K16 -> #N/A | N16: =M16*I16 -> #N/A | O16: =VLOOKUP(D16,table[[Détails]:[Coefficient de vente]],8,FALSE) -> #N/A | P16: =(N16*O16)+N16 -> #N/A | R16: =ROUNDUP((($D$5*Q16)+Q16),0) -> 0
E17: =VLOOKUP(D17,table[[Détails]:[epaisseur]],2,FALSE) -> #N/A | F17: =VLOOKUP(D17,table[[Détails]:[epaisseur]],3,FALSE) -> #N/A | G17: =VLOOKUP(D17,table[[Détails]:[epaisseur]],4,FALSE) -> #N/A | H17: =VLOOKUP(D17,table[[Détails]:[epaisseur]],5,FALSE) -> #N/A | I17: =VLOOKUP(D17,table[[Détails]:[prix HT]],6,FALSE) -> #N/A | K17: =F17*G17*H17*J17 -> #N/A | L17: =VLOOKUP(D17,table[[Détails]:[Coefficient de vente]],7,FALSE) -> #N/A | M17: =(K17*L17)+K17 -> #N/A | N17: =M17*I17 -> #N/A | O17: =VLOOKUP(D17,table[[Détails]:[Coefficient de vente]],8,FALSE) -> #N/A | P17: =(N17*O17)+N17 -> #N/A | R17: =ROUNDUP((($D$5*Q17)+Q17),0) -> 0
E18: =VLOOKUP(D18,table[[Détails]:[epaisseur]],2,FALSE) -> #N/A | F18: =VLOOKUP(D18,table[[Détails]:[epaisseur]],3,FALSE) -> #N/A | G18: =VLOOKUP(D18,table[[Détails]:[epaisseur]],4,FALSE) -> #N/A | H18: =VLOOKUP(D18,table[[Détails]:[epaisseur]],5,FALSE) -> #N/A | I18: =VLOOKUP(D18,table[[Détails]:[prix HT]],6,FALSE) -> #N/A | K18: =F18*G18*H18*J18 -> #N/A | L18: =VLOOKUP(D18,table[[Détails]:[Coefficient de vente]],7,FALSE) -> #N/A | M18: =(K18*L18)+K18 -> #N/A | N18: =M18*I18 -> #N/A | O18: =VLOOKUP(D18,table[[Détails]:[Coefficient de vente]],8,FALSE) -> #N/A | P18: =(N18*O18)+N18 -> #N/A | R18: =ROUNDUP((($D$5*Q18)+Q18),0) -> 0
E19: =VLOOKUP(D19,table[[Détails]:[epaisseur]],2,FALSE) -> #N/A | F19: =VLOOKUP(D19,table[[Détails]:[epaisseur]],3,FALSE) -> #N/A | G19: =VLOOKUP(D19,table[[Détails]:[epaisseur]],4,FALSE) -> #N/A | H19: =VLOOKUP(D19,table[[Détails]:[epaisseur]],5,FALSE) -> #N/A | I19: =VLOOKUP(D19,table[[Détails]:[prix HT]],6,FALSE) -> #N/A | K19: =F19*G19*H19*J19 -> #N/A | L19: =VLOOKUP(D19,table[[Détails]:[Coefficient de vente]],7,FALSE) -> #N/A | M19: =(K19*L19)+K19 -> #N/A | N19: =M19*I19 -> #N/A | O19: =VLOOKUP(D19,table[[Détails]:[Coefficient de vente]],8,FALSE) -> #N/A | P19: =(N19*O19)+N19 -> #N/A | R19: =ROUNDUP((($D$5*Q19)+Q19),0) -> 0
E20: =VLOOKUP(D20,table[[Détails]:[epaisseur]],2,FALSE) -> #N/A | F20: =VLOOKUP(D20,table[[Détails]:[epaisseur]],3,FALSE) -> #N/A | G20: =VLOOKUP(D20,table[[Détails]:[epaisseur]],4,FALSE) -> #N/A | H20: =VLOOKUP(D20,table[[Détails]:[epaisseur]],5,FALSE) -> #N/A | I20: =VLOOKUP(D20,table[[Détails]:[prix HT]],6,FALSE) -> #N/A | K20: =F20*G20*H20*J20 -> #N/A | L20: =VLOOKUP(D20,table[[Détails]:[Coefficient de vente]],7,FALSE) -> #N/A | M20: =(K20*L20)+K20 -> #N/A | N20: =M20*I20 -> #N/A | O20: =VLOOKUP(D20,table[[Détails]:[Coefficient de vente]],8,FALSE) -> #N/A | P20: =(N20*O20)+N20 -> #N/A | R20: =ROUNDUP((($D$5*Q20)+Q20),0) -> 0
E21: =VLOOKUP(D21,table[[Détails]:[epaisseur]],2,FALSE) -> #N/A | F21: =VLOOKUP(D21,table[[Détails]:[epaisseur]],3,FALSE) -> #N/A | G21: =VLOOKUP(D21,table[[Détails]:[epaisseur]],4,FALSE) -> #N/A | H21: =VLOOKUP(D21,table[[Détails]:[epaisseur]],5,FALSE) -> #N/A | I21: =VLOOKUP(D21,table[[Détails]:[prix HT]],6,FALSE) -> #N/A | K21: =F21*G21*H21*J21 -> #N/A | L21: =VLOOKUP(D21,table[[Détails]:[Coefficient de vente]],7,FALSE) -> #N/A | M21: =(K21*L21)+K21 -> #N/A | N21: =M21*I21 -> #N/A | O21: =VLOOKUP(D21,table[[Détails]:[Coefficient de vente]],8,FALSE) -> #N/A | P21: =(N21*O21)+N21 -> #N/A | R21: =ROUNDUP((($D$5*Q21)+Q21),0) -> 0
E22: =VLOOKUP(D22,table[[Détails]:[epaisseur]],2,FALSE) -> #N/A | F22: =VLOOKUP(D22,table[[Détails]:[epaisseur]],3,FALSE) -> #N/A | G22: =VLOOKUP(D22,table[[Détails]:[epaisseur]],4,FALSE) -> #N/A | H22: =VLOOKUP(D22,table[[Détails]:[epaisseur]],5,FALSE) -> #N/A | I22: =VLOOKUP(D22,table[[Détails]:[prix HT]],6,FALSE) -> #N/A | K22: =F22*G22*H22*J22 -> #N/A | L22: =VLOOKUP(D22,table[[Détails]:[Coefficient de vente]],7,FALSE) -> #N/A | M22: =(K22*L22)+K22 -> #N/A | N22: =M22*I22 -> #N/A | O22: =VLOOKUP(D22,table[[Détails]:[Coefficient de vente]],8,FALSE) -> #N/A | P22: =(N22*O22)+N22 -> #N/A | R22: =ROUNDUP((($D$5*Q22)+Q22),0) -> 0
E23: =VLOOKUP(D23,table[[Détails]:[epaisseur]],2,FALSE) -> #N/A | F23: =VLOOKUP(D23,table[[Détails]:[epaisseur]],3,FALSE) -> #N/A | G23: =VLOOKUP(D23,table[[Détails]:[epaisseur]],4,FALSE) -> #N/A | H23: =VLOOKUP(D23,table[[Détails]:[epaisseur]],5,FALSE) -> #N/A | I23: =VLOOKUP(D23,table[[Détails]:[prix HT]],6,FALSE) -> #N/A | K23: =F23*G23*H23*J23 -> #N/A | L23: =VLOOKUP(D23,table[[Détails]:[Coefficient de vente]],7,FALSE) -> #N/A | M23: =(K23*L23)+K23 -> #N/A | N23: =M23*I23 -> #N/A | O23: =VLOOKUP(D23,table[[Détails]:[Coefficient de vente]],8,FALSE) -> #N/A | P23: =(N23*O23)+N23 -> #N/A | R23: =ROUNDUP(((($D$5*Q23)/100)+Q23),0) -> 0
E24: =VLOOKUP(D24,table[[Détails]:[epaisseur]],2,FALSE) -> #N/A | F24: =VLOOKUP(D24,table[[Détails]:[epaisseur]],3,FALSE) -> #N/A | G24: =VLOOKUP(D24,table[[Détails]:[epaisseur]],4,FALSE) -> #N/A | H24: =VLOOKUP(D24,table[[Détails]:[epaisseur]],5,FALSE) -> #N/A | I24: =VLOOKUP(D24,table[[Détails]:[prix HT]],6,FALSE) -> #N/A | K24: =F24*G24*H24*J24 -> #N/A | L24: =VLOOKUP(D24,table[[Détails]:[Coefficient de vente]],7,FALSE) -> #N/A | M24: =(K24*L24)+K24 -> #N/A | N24: =M24*I24 -> #N/A | O24: =VLOOKUP(D24,table[[Détails]:[Coefficient de vente]],8,FALSE) -> #N/A | P24: =(N24*O24)+N24 -> #N/A | R24: =ROUNDUP(((($D$5*Q24)/100)+Q24),0) -> 0
E25: =VLOOKUP(D25,table[[Détails]:[epaisseur]],2,FALSE) -> #N/A | F25: =VLOOKUP(D25,table[[Détails]:[epaisseur]],3,FALSE) -> #N/A | G25: =VLOOKUP(D25,table[[Détails]:[epaisseur]],4,FALSE) -> #N/A | H25: =VLOOKUP(D25,table[[Détails]:[epaisseur]],5,FALSE) -> #N/A | I25: =VLOOKUP(D25,table[[Détails]:[prix HT]],6,FALSE) -> #N/A | K25: =F25*G25*H25*J25 -> #N/A | L25: =VLOOKUP(D25,table[[Détails]:[Coefficient de vente]],7,FALSE) -> #N/A | M25: =(K25*L25)+K25 -> #N/A | N25: =M25*I25 -> #N/A | O25: =VLOOKUP(D25,table[[Détails]:[Coefficient de vente]],8,FALSE) -> #N/A | P25: =(N25*O25)+N25 -> #N/A | R25: =ROUNDUP(((($D$5*Q25)/100)+Q25),0) -> 0
E26: =VLOOKUP(D26,table[[Détails]:[epaisseur]],2,FALSE) -> #N/A | F26: =VLOOKUP(D26,table[[Détails]:[epaisseur]],3,FALSE) -> #N/A | G26: =VLOOKUP(D26,table[[Détails]:[epaisseur]],4,FALSE) -> #N/A | H26: =VLOOKUP(D26,table[[Détails]:[epaisseur]],5,FALSE) -> #N/A | I26: =VLOOKUP(D26,table[[Détails]:[prix HT]],6,FALSE) -> #N/A | K26: =F26*G26*H26*J26 -> #N/A | L26: =VLOOKUP(D26,table[[Détails]:[Coefficient de vente]],7,FALSE) -> #N/A | M26: =(K26*L26)+K26 -> #N/A | N26: =M26*I26 -> #N/A | O26: =VLOOKUP(D26,table[[Détails]:[Coefficient de vente]],8,FALSE) -> #N/A | P26: =(N26*O26)+N26 -> #N/A | R26: =ROUNDUP(((($D$5*Q26)/100)+Q26),0) -> 0
E27: =VLOOKUP(D27,table[[Détails]:[epaisseur]],2,FALSE) -> #N/A | F27: =VLOOKUP(D27,table[[Détails]:[epaisseur]],3,FALSE) -> #N/A | G27: =VLOOKUP(D27,table[[Détails]:[epaisseur]],4,FALSE) -> #N/A | H27: =VLOOKUP(D27,table[[Détails]:[epaisseur]],5,FALSE) -> #N/A | I27: =VLOOKUP(D27,table[[Détails]:[prix HT]],6,FALSE) -> #N/A | K27: =F27*G27*H27*J27 -> #N/A | L27: =VLOOKUP(D27,table[[Détails]:[Coefficient de vente]],7,FALSE) -> #N/A | M27: =(K27*L27)+K27 -> #N/A | N27: =M27*I27 -> #N/A | O27: =VLOOKUP(D27,table[[Détails]:[Coefficient de vente]],8,FALSE) -> #N/A | P27: =(N27*O27)+N27 -> #N/A | R27: =ROUNDUP(((($D$5*Q27)/100)+Q27),0) -> 0
E28: =VLOOKUP(D28,table[[Détails]:[epaisseur]],2,FALSE) -> #N/A | F28: =VLOOKUP(D28,table[[Détails]:[epaisseur]],3,FALSE) -> #N/A | G28: =VLOOKUP(D28,table[[Détails]:[epaisseur]],4,FALSE) -> #N/A | H28: =VLOOKUP(D28,table[[Détails]:[epaisseur]],5,FALSE) -> #N/A | I28: =VLOOKUP(D28,table[[Détails]:[prix HT]],6,FALSE) -> #N/A | K28: =F28*G28*H28*J28 -> #N/A | L28: =VLOOKUP(D28,table[[Détails]:[Coefficient de vente]],7,FALSE) -> #N/A | M28: =(K28*L28)+K28 -> #N/A | N28: =M28*I28 -> #N/A | O28: =VLOOKUP(D28,table[[Détails]:[Coefficient de vente]],8,FALSE) -> #N/A | P28: =(N28*O28)+N28 -> #N/A | R28: =ROUNDUP(((($D$5*Q28)/100)+Q28),0) -> 0
E29: =VLOOKUP(D29,table[[Détails]:[epaisseur]],2,FALSE) -> #N/A | F29: =VLOOKUP(D29,table[[Détails]:[epaisseur]],3,FALSE) -> #N/A | G29: =VLOOKUP(D29,table[[Détails]:[epaisseur]],4,FALSE) -> #N/A | H29: =VLOOKUP(D29,table[[Détails]:[epaisseur]],5,FALSE) -> #N/A | I29: =VLOOKUP(D29,table[[Détails]:[prix HT]],6,FALSE) -> #N/A | K29: =F29*G29*H29*J29 -> #N/A | L29: =VLOOKUP(D29,table[[Détails]:[Coefficient de vente]],7,FALSE) -> #N/A | M29: =(K29*L29)+K29 -> #N/A | N29: =M29*I29 -> #N/A | O29: =VLOOKUP(D29,table[[Détails]:[Coefficient de vente]],8,FALSE) -> #N/A | P29: =(N29*O29)+N29 -> #N/A | R29: =ROUNDUP(((($D$5*Q29)/100)+Q29),0) -> 0
E30: =VLOOKUP(D30,table[[Détails]:[epaisseur]],2,FALSE) -> #N/A | F30: =VLOOKUP(D30,table[[Détails]:[epaisseur]],3,FALSE) -> #N/A | G30: =VLOOKUP(D30,table[[Détails]:[epaisseur]],4,FALSE) -> #N/A | H30: =VLOOKUP(D30,table[[Détails]:[epaisseur]],5,FALSE) -> #N/A | I30: =VLOOKUP(D30,table[[Détails]:[prix HT]],6,FALSE) -> #N/A | K30: =F30*G30*H30*J30 -> #N/A | L30: =VLOOKUP(D30,table[[Détails]:[Coefficient de vente]],7,FALSE) -> #N/A | M30: =(K30*L30)+K30 -> #N/A | N30: =M30*I30 -> #N/A | O30: =VLOOKUP(D30,table[[Détails]:[Coefficient de vente]],8,FALSE) -> #N/A | P30: =(N30*O30)+N30 -> #N/A | R30: =ROUNDUP(((($D$5*Q30)/100)+Q30),0) -> 0
E31: =VLOOKUP(D31,table[[Détails]:[epaisseur]],2,FALSE) -> #N/A | F31: =VLOOKUP(D31,table[[Détails]:[epaisseur]],3,FALSE) -> #N/A | G31: =VLOOKUP(D31,table[[Détails]:[epaisseur]],4,FALSE) -> #N/A | H31: =VLOOKUP(D31,table[[Détails]:[epaisseur]],5,FALSE) -> #N/A | I31: =VLOOKUP(D31,table[[Détails]:[prix HT]],6,FALSE) -> #N/A | K31: =F31*G31*H31*J31 -> #N/A | L31: =VLOOKUP(D31,table[[Détails]:[Coefficient de vente]],7,FALSE) -> #N/A | M31: =(K31*L31)+K31 -> #N/A | N31: =M31*I31 -> #N/A | O31: =VLOOKUP(D31,table[[Détails]:[Coefficient de vente]],8,FALSE) -> #N/A | P31: =(N31*O31)+N31 -> #N/A | R31: =ROUNDUP(((($D$5*Q31)/100)+Q31),0) -> 0
E32: =VLOOKUP(D32,table[[Détails]:[epaisseur]],2,FALSE) -> #N/A | F32: =VLOOKUP(D32,table[[Détails]:[epaisseur]],3,FALSE) -> #N/A | G32: =VLOOKUP(D32,table[[Détails]:[epaisseur]],4,FALSE) -> #N/A | H32: =VLOOKUP(D32,table[[Détails]:[epaisseur]],5,FALSE) -> #N/A | I32: =VLOOKUP(D32,table[[Détails]:[prix HT]],6,FALSE) -> #N/A | K32: =F32*G32*H32*J32 -> #N/A | L32: =VLOOKUP(D32,table[[Détails]:[Coefficient de vente]],7,FALSE) -> #N/A | M32: =(K32*L32)+K32 -> #N/A | N32: =M32*I32 -> #N/A | O32: =VLOOKUP(D32,table[[Détails]:[Coefficient de vente]],8,FALSE) -> #N/A | P32: =(N32*O32)+N32 -> #N/A | R32: =ROUNDUP(((($D$5*Q32)/100)+Q32),0) -> 0
E33: =VLOOKUP(D33,table[[Détails]:[epaisseur]],2,FALSE) -> #N/A | F33: =VLOOKUP(D33,table[[Détails]:[epaisseur]],3,FALSE) -> #N/A | G33: =VLOOKUP(D33,table[[Détails]:[epaisseur]],4,FALSE) -> #N/A | H33: =VLOOKUP(D33,table[[Détails]:[epaisseur]],5,FALSE) -> #N/A | I33: =VLOOKUP(D33,table[[Détails]:[prix HT]],6,FALSE) -> #N/A | K33: =F33*G33*H33*J33 -> #N/A | L33: =VLOOKUP(D33,table[[Détails]:[Coefficient de vente]],7,FALSE) -> #N/A | M33: =(K33*L33)+K33 -> #N/A | N33: =M33*I33 -> #N/A | O33: =VLOOKUP(D33,table[[Détails]:[Coefficient de vente]],8,FALSE) -> #N/A | P33: =(N33*O33)+N33 -> #N/A | R33: =ROUNDUP(((($D$5*Q33)/100)+Q33),0) -> 0
E34: =VLOOKUP(D34,table[[Détails]:[epaisseur]],2,FALSE) -> #N/A | F34: =VLOOKUP(D34,table[[Détails]:[epaisseur]],3,FALSE) -> #N/A | G34: =VLOOKUP(D34,table[[Détails]:[epaisseur]],4,FALSE) -> #N/A | H34: =VLOOKUP(D34,table[[Détails]:[epaisseur]],5,FALSE) -> #N/A | I34: =VLOOKUP(D34,table[[Détails]:[prix HT]],6,FALSE) -> #N/A | K34: =F34*G34*H34*J34 -> #N/A | L34: =VLOOKUP(D34,table[[Détails]:[Coefficient de vente]],7,FALSE) -> #N/A | M34: =(K34*L34)+K34 -> #N/A | N34: =M34*I34 -> #N/A | O34: =VLOOKUP(D34,table[[Détails]:[Coefficient de vente]],8,FALSE) -> #N/A | P34: =(N34*O34)+N34 -> #N/A | R34: =ROUNDUP(((($D$5*Q34)/100)+Q34),0) -> 0
... E1000: =VLOOKUP(D1000,table[[Détails]:[epaisseur]],2,FALSE) -> #N/A | F1000: =VLOOKUP(D1000,table[[Détails]:[epaisseur]],3,FALSE) -> #N/A | G1000: =VLOOKUP(D1000,table[[Détails]:[epaisseur]],4,FALSE) -> #N/A | H1000: =VLOOKUP(D1000,table[[Détails]:[epaisseur]],5,FALSE) -> #N/A | I1000: =VLOOKUP(D1000,table[[Détails]:[prix HT]],6,FALSE) -> #N/A | K1000: =F1000*G1000*H1000*J1000 -> #N/A | L1000: =VLOOKUP(D1000,table[[Détails]:[Coefficient de vente]],7,FALSE) -> #N/A | M1000: =(K1000*L1000)+K1000 -> #N/A | N1000: =M1000*I1000 -> #N/A | O1000: =VLOOKUP(D1000,table[[Détails]:[Coefficient de vente]],8,FALSE) -> #N/A | P1000: =(N1000*O1000)+N1000 -> #N/A | R1000: =ROUNDUP(((($D$5*Q1000)/100)+Q1000),0) -> 0

Sheet Liste
A1: Liste
A4: Désignation | B4: Fournisseur | C4: Détails | D4: code article | E4: longueur | F4: largeur | G4: epaisseur | H4: prix HT | I4: Coefficient de perte | J4: Coefficient de vente | K4: Ordre | L4: Ordre2 | M4: Ordre3
A5: MP | B5: Abet laminati | C5: 877 Morbida | E5: 3.05 | F5: 1.3 | G5: 1 | H5: 35 | I5: 0 | J5: =Devis!$D$7 -> 0.1 | K5: =IF(COUNTIF(A$4:A5,table[[#This Row],[Désignation]])=1,MAX(K$4:K4)+1) -> 1 | L5: =IF(COUNTIF(B$4:B5,table[[#This Row],[Fournisseur ]])=1,MAX(L$4:L4)+1) -> 1 | M5: =IF(COUNTIF(C$4:C5,table[[#This Row],[Détails]])=1,MAX(M$4:M4)+1) -> 1
A6: MP | B6: Abet laminati | C6: Polaris noir | D6: 2902 | E6: 3.05 | F6: 1.3 | G6: 1 | H6: 24 | I6: 1 | J6: =Devis!$D$7 -> 0.1 | K6: =IF(COUNTIF(A$4:A6,table[[#This Row],[Désignation]])=1,MAX(K$4:K5)+1) -> FALSE | L6: =IF(COUNTIF(B$4:B6,table[[#This Row],[Fournisseur ]])=1,MAX(L$4:L5)+1) -> FALSE | M6: =IF(COUNTIF(C$4:C6,table[[#This Row],[Détails]])=1,MAX(M$4:M5)+1) -> 2
A7: MP | B7: Abet laminati | C7: Print HPL | E7: 3.05 | F7: 1.3 | G7: 1 | H7: 11.1 | I7: 0 | J7: =Devis!$D$7 -> 0.1 | K7: =IF(COUNTIF(A$4:A7,table[[#This Row],[Désignation]])=1,MAX(K$4:K6)+1) -> FALSE | L7: =IF(COUNTIF(B$4:B7,table[[#This Row],[Fournisseur ]])=1,MAX(L$4:L6)+1) -> FALSE | M7: =IF(COUNTIF(C$4:C7,table[[#This Row],[Détails]])=1,MAX(M$4:M6)+1) -> 3
A8: QU | B8: Accuride | C8: 100% course 500 mm | D8: 252752 | E8: 1 | F8: 1 | G8: 1 | H8: 17.64 | I8: 0 | J8: =Devis!$D$7 -> 0.1 | K8: =IF(COUNTIF(A$4:A8,table[[#This Row],[Désignation]])=1,MAX(K$4:K7)+1) -> 2 | L8: =IF(COUNTIF(B$4:B8,table[[#This Row],[Fournisseur ]])=1,MAX(L$4:L7)+1) -> 2 | M8: =IF(COUNTIF(C$4:C8,table[[#This Row],[Détails]])=1,MAX(M$4:M7)+1) -> 4
A9: QU | B9: Accuride | C9: 100% course 400 mm | D9: 252738 | E9: 1 | F9: 1 | G9: 1 | H9: 14.66 | I9: 0 | J9: =Devis!$D$7 -> 0.1 | K9: =IF(COUNTIF(A$4:A9,table[[#This Row],[Désignation]])=1,MAX(K$4:K8)+1) -> FALSE | L9: =IF(COUNTIF(B$4:B9,table[[#This Row],[Fournisseur ]])=1,MAX(L$4:L8)+1) -> FALSE | M9: =IF(COUNTIF(C$4:C9,table[[#This Row],[Détails]])=1,MAX(M$4:M8)+1) -> 5
A10: QU | B10: Accuride | C10: Coulisse push lache | D10: 300 mm | E10: 1 | F10: 1 | G10: 1 | H10: 17.52 | I10: 0 | J10: =Devis!$D$7 -> 0.1 | K10: =IF(COUNTIF(A$4:A10,table[[#This Row],[Désignation]])=1,MAX(K$4:K9)+1) -> FALSE | L10: =IF(COUNTIF(B$4:B10,table[[#This Row],[Fournisseur ]])=1,MAX(L$4:L9)+1) -> FALSE | M10: =IF(COUNTIF(C$4:C10,table[[#This Row],[Détails]])=1,MAX(M$4:M9)+1) -> 6
A11: MP | B11: AJ Timber | C11: Plan de travail chêne 38 mm | D11: PLACHE3006538 | E11: 1 | F11: 1 | G11: 1 | H11: 125.36 | I11: 0 | J11: =Devis!$D$7 -> 0.1 | K11: =IF(COUNTIF(A$4:A11,table[[#This Row],[Désignation]])=1,MAX(K$4:K10)+1) -> FALSE | L11: =IF(COUNTIF(B$4:B11,table[[#This Row],[Fournisseur ]])=1,MAX(L$4:L10)+1) -> 3 | M11: =IF(COUNTIF(C$4:C11,table[[#This Row],[Détails]])=1,MAX(M$4:M10)+1) -> 7
A12: MP | B12: AJ Timber | C12: Plan de travail hêtre 38 mm | D12: PLAHETRE20006526 | E12: 1 | F12: 1 | G12: 1 | H12: 98.33 | I12: 0 | J12: =Devis!$D$7 -> 0.1 | K12: =IF(COUNTIF(A$4:A12,table[[#This Row],[Désignation]])=1,MAX(K$4:K11)+1) -> FALSE | L12: =IF(COUNTIF(B$4:B12,table[[#This Row],[Fournisseur ]])=1,MAX(L$4:L11)+1) -> FALSE | M12: =IF(COUNTIF(C$4:C12,table[[#This Row],[Détails]])=1,MAX(M$4:M11)+1) -> 8
A13: MP | B13: AJ Timber | C13: CP bouleau 15 mm | D13: B/BB | E13: 2.44 | F13: 1.22 | G13: 1 | H13: 10.45 | I13: 0 | J13: =Devis!$D$7 -> 0.1 | K13: =IF(COUNTIF(A$4:A13,table[[#This Row],[Désignation]])=1,MAX(K$4:K12)+1) -> FALSE | L13: =IF(COUNTIF(B$4:B13,table[[#This Row],[Fournisseur ]])=1,MAX(L$4:L12)+1) -> FALSE | M13: =IF(COUNTIF(C$4:C13,table[[#This Row],[Détails]])=1,MAX(M$4:M12)+1) -> 9
A14: MP | B14: Barillet | C14: Hêtre toute épaisseur | E14: 1 | F14: 1 | G14: 1 | H14: 575 | I14: 0 | J14: =Devis!$D$7 -> 0.1 | K14: =IF(COUNTIF(A$4:A14,table[[#This Row],[Désignation]])=1,MAX(K$4:K13)+1) -> FALSE | L14: =IF(COUNTIF(B$4:B14,table[[#This Row],[Fournisseur ]])=1,MAX(L$4:L13)+1) -> 4 | M14: =IF(COUNTIF(C$4:C14,table[[#This Row],[Détails]])=1,MAX(M$4:M13)+1) -> 10
A15: MP | B15: Barillet | C15: CP Peuplier 30 mm | D15: ordinaire | E15: 2.5 | F15: 1.22 | G15: 1 | H15: 23.49 | I15: 0 | J15: =Devis!$D$7 -> 0.1 | K15: =IF(COUNTIF(A$4:A15,table[[#This Row],[Désignation]])=1,MAX(K$4:K14)+1) -> FALSE | L15: =IF(COUNTIF(B$4:B15,table[[#This Row],[Fournisseur ]])=1,MAX(L$4:L14)+1) -> FALSE | M15: =IF(COUNTIF(C$4:C15,table[[#This Row],[Détails]])=1,MAX(M$4:M14)+1) -> 11
A16: MP | B16: Barillet | C16: CP bouleau 30 mm | D16: S/BB | E16: 3.1 | F16: 1.53 | G16: 1 | H16: 33.7 | I16: 0 | J16: =Devis!$D$7 -> 0.1 | K16: =IF(COUNTIF(A$4:A16,table[[#This Row],[Désignation]])=1,MAX(K$4:K15)+1) -> FALSE | L16: =IF(COUNTIF(B$4:B16,table[[#This Row],[Fournisseur ]])=1,MAX(L$4:L15)+1) -> FALSE | M16: =IF(COUNTIF(C$4:C16,table[[#This Row],[Détails]])=1,MAX(M$4:M15)+1) -> 12
A17: MP | B17: Barillet | C17: CP bouleau 18 mm | D17: S/BB | E17: 3.1 | F17: 1.53 | G17: 1 | H17: 16.99 | I17: 0 | J17: =Devis!$D$7 -> 0.1 | K17: =IF(COUNTIF(A$4:A17,table[[#This Row],[Désignation]])=1,MAX(K$4:K16)+1) -> FALSE | L17: =IF(COUNTIF(B$4:B17,table[[#This Row],[Fournisseur ]])=1,MAX(L$4:L16)+1) -> FALSE | M17: =IF(COUNTIF(C$4:C17,table[[#This Row],[Détails]])=1,MAX(M$4:M16)+1) -> 13
A18: MP | B18: Barillet | C18: CP bouleau 9 mm | D18: S/BB | E18: 3.1 | F18: 1.53 | G18: 1 | H18: 14.1 | I18: 0 | J18: =Devis!$D$7 -> 0.1 | K18: =IF(COUNTIF(A$4:A18,table[[#This Row],[Désignation]])=1,MAX(K$4:K17)+1) -> FALSE | L18: =IF(COUNTIF(B$4:B18,table[[#This Row],[Fournisseur ]])=1,MAX(L$4:L17)+1) -> FALSE | M18: =IF(COUNTIF(C$4:C18,table[[#This Row],[Détails]])=1,MAX(M$4:M17)+1) -> 14
A19: MP | B19: Barillet | C19: CP peulpier 30 mm | D19: B/BB | E19: 2.5 | F19: 1.22 | G19: 1 | H19: 30.1 | I19: 0 | J19: =Devis!$D$7 -> 0.1 | K19: =IF(COUNTIF(A$4:A19,table[[#This Row],[Désignation]])=1,MAX(K$4:K18)+1) -> FALSE | L19: =IF(COUNTIF(B$4:B19,table[[#This Row],[Fournisseur ]])=1,MAX(L$4:L18)+1) -> FALSE | M19: =IF(COUNTIF(C$4:C19,table[[#This Row],[Détails]])=1,MAX(M$4:M18)+1) -> 15
A20: MP | B20: Barillet | C20: Aggloméré CTBH 38mm | D20: Hydro | E20: 3.06 | F20: 2.07 | G20: 1 | H20: 14.6 | I20: 0 | J20: =Devis!$D$7 -> 0.1 | K20: =IF(COUNTIF(A$4:A20,table[[#This Row],[Désignation]])=1,MAX(K$4:K19)+1) -> FALSE | L20: =IF(COUNTIF(B$4:B20,table[[#This Row],[Fournisseur ]])=1,MAX(L$4:L19)+1) -> FALSE | M20: =IF(COUNTIF(C$4:C20,table[[#This Row],[Détails]])=1,MAX(M$4:M19)+1) -> 16
A21: MP | B21: Barillet | C21: Aggloméré CTBH 30mm | D21: Hydro | E21: 3.06 | F21: 2.07 | G21: 1 | H21: 13.6 | I21: 0 | J21: =Devis!$D$7 -> 0.1 | K21: =IF(COUNTIF(A$4:A21,table[[#This Row],[Désignation]])=1,MAX(K$4:K20)+1) -> FALSE | L21: =IF(COUNTIF(B$4:B21,table[[#This Row],[Fournisseur ]])=1,MAX(L$4:L20)+1) -> FALSE | M21: =IF(COUNTIF(C$4:C21,table[[#This Row],[Détails]])=1,MAX(M$4:M20)+1) -> 17
A22: MP | B22: Barillet | C22: Aggloméré CTBH 22 mm | D22: Hydro | E22: 3.06 | F22: 1.85 | G22: 1 | H22: 6.75 | I22: 0 | J22: =Devis!$D$7 -> 0.1 | K22: =IF(COUNTIF(A$4:A22,table[[#This Row],[Désignation]])=1,MAX(K$4:K21)+1) -> FALSE | L22: =IF(COUNTIF(B$4:B22,table[[#This Row],[Fournisseur ]])=1,MAX(L$4:L21)+1) -> FALSE | M22: =IF(COUNTIF(C$4:C22,table[[#This Row],[Détails]])=1,MAX(M$4:M21)+1) -> 18
A23: MP | B23: Barillet | C23: AggloméréCTBH 19 mm | D23: Hydro | E23: 2.8 | F23: 2.07 | G23: 1 | H23: 6.5 | I23: 0 | J23: =Devis!$D$7 -> 0.1 | K23: =IF(COUNTIF(A$4:A23,table[[#This Row],[Désignation]])=1,MAX(K$4:K22)+1) -> FALSE | L23: =IF(COUNTIF(B$4:B23,table[[#This Row],[Fournisseur ]])=1,MAX(L$4:L22)+1) -> FALSE | M23: =IF(COUNTIF(C$4:C23,table[[#This Row],[Détails]])=1,MAX(M$4:M22)+1) -> 19
A24: MP | B24: Barillet | C24: Aggloméré CTBH 19 mm | D24: Hydro | E24: 3.05 | F24: 1.85 | G24: 1 | H24: 6.98 | I24: 0 | J24: =Devis!$D$7 -> 0.1 | K24: =IF(COUNTIF(A$4:A24,table[[#This Row],[Désignation]])=1,MAX(K$4:K23)+1) -> FALSE | L24: =IF(COUNTIF(B$4:B24,table[[#This Row],[Fournisseur ]])=1,MAX(L$4:L23)+1) -> FALSE | M24: =IF(COUNTIF(C$4:C24,table[[#This Row],[Détails]])=1,MAX(M$4:M23)+1) -> 20
A25: MP | B25: Barillet | C25: Aggloméré 30mm | D25: Standart | E25: 2.8 | F25: 2.07 | G25: 1 | H25: 6.9 | I25: 0 | J25: =Devis!$D$7 -> 0.1 | K25: =IF(COUNTIF(A$4:A25,table[[#This Row],[Désignation]])=1,MAX(K$4:K24)+1) -> FALSE | L25: =IF(COUNTIF(B$4:B25,table[[#This Row],[Fournisseur ]])=1,MAX(L$4:L24)+1) -> FALSE | M25: =IF(COUNTIF(C$4:C25,table[[#This Row],[Détails]])=1,MAX(M$4:M24)+1) -> 21
A26: MP | B26: Barillet | C26: Aggloméré22 mm | D26: Standart | E26: 2.8 | F26: 2.07 | G26: 1 | H26: 4.75 | I26: 0 | J26: =Devis!$D$7 -> 0.1 | K26: =IF(COUNTIF(A$4:A26,table[[#This Row],[Désignation]])=1,MAX(K$4:K25)+1) -> FALSE | L26: =IF(COUNTIF(B$4:B26,table[[#This Row],[Fournisseur ]])=1,MAX(L$4:L25)+1) -> FALSE | M26: =IF(COUNTIF(C$4:C26,table[[#This Row],[Détails]])=1,MAX(M$4:M25)+1) -> 22
A27: MP | B27: Barillet | C27: Aggloméré19 mm | D27: Standart | E27: 3.05 | F27: 1.85 | G27: 1 | H27: 5.72 | I27: 0 | J27: =Devis!$D$7 -> 0.1 | K27: =IF(COUNTIF(A$4:A27,table[[#This Row],[Désignation]])=1,MAX(K$4:K26)+1) -> FALSE | L27: =IF(COUNTIF(B$4:B27,table[[#This Row],[Fournisseur ]])=1,MAX(L$4:L26)+1) -> FALSE | M27: =IF(COUNTIF(C$4:C27,table[[#This Row],[Détails]])=1,MAX(M$4:M26)+1) -> 23
A28: MP | B28: Barillet | C28: Chêne BME | E28: 1 | F28: 1 | G28: 1 | H28: 1250 | I28: 0 | J28: =Devis!$D$7 -> 0.1 | K28: =IF(COUNTIF(A$4:A28,table[[#This Row],[Désignation]])=1,MAX(K$4:K27)+1) -> FALSE | L28: =IF(COUNTIF(B$4:B28,table[[#This Row],[Fournisseur ]])=1,MAX(L$4:L27)+1) -> FALSE | M28: =IF(COUNTIF(C$4:C28,table[[#This Row],[Détails]])=1,MAX(M$4:M27)+1) -> 24
A29: MP | B29: Barillet | C29: CP cintrable 9mm | E29: 2.5 | F29: 1.22 | G29: 1 | H29: 14 | I29: 0 | J29: =Devis!$D$7 -> 0.1 | K29: =IF(COUNTIF(A$4:A29,table[[#This Row],[Désignation]])=1,MAX(K$4:K28)+1) -> FALSE | L29: =IF(COUNTIF(B$4:B29,table[[#This Row],[Fournisseur ]])=1,MAX(L$4:L28)+1) -> FALSE | M29: =IF(COUNTIF(C$4:C29,table[[#This Row],[Détails]])=1,MAX(M$4:M28)+1) -> 25
A30: MP | B30: Barillet | C30: CP hêtre 9 mm | E30: 2.5 | F30: 1.53 | G30: 1 | H30: 25.85 | I30: 0 | J30: =Devis!$D$7 -> 0.1 | K30: =IF(COUNTIF(A$4:A30,table[[#This Row],[Désignation]])=1,MAX(K$4:K29)+1) -> FALSE | L30: =IF(COUNTIF(B$4:B30,table[[#This Row],[Fournisseur ]])=1,MAX(L$4:L29)+1) -> FALSE | M30: =IF(COUNTIF(C$4:C30,table[[#This Row],[Détails]])=1,MAX(M$4:M29)+1) -> 26
A31: MP | B31: Barillet | C31: Contre-balancement | E31: 3.05 | F31: 1.32 | G31: 1 | H31: 3.97 | I31: 0 | J31: =Devis!$D$7 -> 0.1 | K31: =IF(COUNTIF(A$4:A31,table[[#This Row],[Désignation]])=1,MAX(K$4:K30)+1) -> FALSE | L31: =IF(COUNTIF(B$4:B31,table[[#This Row],[Fournisseur ]])=1,MAX(L$4:L30)+1) -> FALSE | M31: =IF(COUNTIF(C$4:C31,table[[#This Row],[Détails]])=1,MAX(M$4:M30)+1) -> 27
A32: MP | B32: Barillet | C32: 3 plis épicéa | D32: 19 mm | E32: 5 | F32: 1.25 | G32: 1 | H32: 17.8 | I32: 0 | J32: =Devis!$D$7 -> 0.1 | K32: =IF(COUNTIF(A$4:A32,table[[#This Row],[Désignation]])=1,MAX(K$4:K31)+1) -> FALSE | L32: =IF(COUNTIF(B$4:B32,table[[#This Row],[Fournisseur ]])=1,MAX(L$4:L31)+1) -> FALSE | M32: =IF(COUNTIF(C$4:C32,table[[#This Row],[Détails]])=1,MAX(M$4:M31)+1) -> 28
A33: MP | B33: Barillet | C33: Sipo Avivé | D33: 54 mm / 3350 | E33: 1 | F33: 1 | G33: 1 | H33: 1210 | I33: 0 | J33: =Devis!$D$7 -> 0.1 | K33: =IF(COUNTIF(A$4:A33,table[[#This Row],[Désignation]])=1,MAX(K$4:K32)+1) -> FALSE | L33: =IF(COUNTIF(B$4:B33,table[[#This Row],[Fournisseur ]])=1,MAX(L$4:L32)+1) -> FALSE | M33: =IF(COUNTIF(C$4:C33,table[[#This Row],[Détails]])=1,MAX(M$4:M32)+1) -> 29
A34: MP | B34: Barillet | C34: Bois d'ossature | D34: 45 x 95 | E34: 5.4 | F34: 1 | G34: 1 | H34: 1.76 | I34: 0 | J34: =Devis!$D$7 -> 0.1 | K34: =IF(COUNTIF(A$4:A34,table[[#This Row],[Désignation]])=1,MAX(K$4:K33)+1) -> FALSE | L34: =IF(COUNTIF(B$4:B34,table[[#This Row],[Fournisseur ]])=1,MAX(L$4:L33)+1) -> FALSE | M34: =IF(COUNTIF(C$4:C34,table[[#This Row],[Détails]])=1,MAX(M$4:M33)+1) -> 30
A35: MP | B35: Barillet | C35: sapin menuiserie | D35: 38 x 200 | E35: 1 | F35: 1 | G35: 1 | H35: 3.58 | I35: 0 | J35: =Devis!$D$7 -> 0.1 | K35: =IF(COUNTIF(A$4:A35,table[[#This Row],[Désignation]])=1,MAX(K$4:K34)+1) -> FALSE | L35: =IF(COUNTIF(B$4:B35,table[[#This Row],[Fournisseur ]])=1,MAX(L$4:L34)+1) -> FALSE | M35: =IF(COUNTIF(C$4:C35,table[[#This Row],[Détails]])=1,MAX(M$4:M34)+1) -> 31
A36: MP | B36: Barillet | C36: Parquet | E36: 1 | F36: 1 | G36: 1 | I36: 0 | J36: =Devis!$D$7 -> 0.1 | K36: =IF(COUNTIF(A$4:A36,table[[#This Row],[Désignation]])=1,MAX(K$4:K35)+1) -> FALSE | L36: =IF(COUNTIF(B$4:B36,table[[#This Row],[Fournisseur ]])=1,MAX(L$4:L35)+1) -> FALSE | M36: =IF(COUNTIF(C$4:C36,table[[#This Row],[Détails]])=1,MAX(M$4:M35)+1) -> 32
A37: MP | B37: Barillet | C37: Colle parquet | E37: 1 | F37: 1 | G37: 1 | I37: 0 | J37: =Devis!$D$7 -> 0.1 | K37: =IF(COUNTIF(A$4:A37,table[[#This Row],[Désignation]])=1,MAX(K$4:K36)+1) -> FALSE | L37: =IF(COUNTIF(B$4:B37,table[[#This Row],[Fournisseur ]])=1,MAX(L$4:L36)+1) -> FALSE | M37: =IF(COUNTIF(C$4:C37,table[[#This Row],[Détails]])=1,MAX(M$4:M36)+1) -> 33
A38: MP | B38: Barillet | C38: H3991 | D38: Mélamine | E38: 2.8 | F38: 2.07 | G38: 1 | H38: 14.7 | I38: 0 | J38: =Devis!$D$7 -> 0.1 | K38: =IF(COUNTIF(A$4:A38,table[[#This Row],[Désignation]])=1,MAX(K$4:K37)+1) -> FALSE | L38: =IF(COUNTIF(B$4:B38,table[[#This Row],[Fournisseur ]])=1,MAX(L$4:L37)+1) -> FALSE | M38: =IF(COUNTIF(C$4:C38,table[[#This Row],[Détails]])=1,MAX(M$4:M37)+1) -> 34
A39: MP | B39: Barillet | C39: H3991 s | D39: Stratifié | E39: 2.8 | F39: 1.31 | G39: 1 | H39: 19.7 | I39: 0 | J39: =Devis!$D$7 -> 0.1 | K39: =IF(COUNTIF(A$4:A39,table[[#This Row],[Désignation]])=1,MAX(K$4:K38)+1) -> FALSE | L39: =IF(COUNTIF(B$4:B39,table[[#This Row],[Fournisseur ]])=1,MAX(L$4:L38)+1) -> FALSE | M39: =IF(COUNTIF(C$4:C39,table[[#This Row],[Détails]])=1,MAX(M$4:M38)+1) -> 35
A40: MP | B40: Barillet | C40: CP filmé | D40: 9 mm | E40: 2.5 | F40: 1.25 | G40: 1 | H40: 11.15 | I40: 0 | J40: =Devis!$D$7 -> 0.1 | K40: =IF(COUNTIF(A$4:A40,table[[#This Row],[Désignation]])=1,MAX(K$4:K39)+1) -> FALSE | L40: =IF(COUNTIF(B$4:B40,table[[#This Row],[Fournisseur ]])=1,MAX(L$4:L39)+1) -> FALSE | M40: =IF(COUNTIF(C$4:C40,table[[#This Row],[Détails]])=1,MAX(M$4:M39)+1) -> 36
A41: MP | B41: Barillet | C41: CP filmé s | D41: 12 mm | E41: 2.5 | F41: 1.25 | G41: 1 | H41: 12.9 | I41: 0 | J41: =Devis!$D$7 -> 0.1 | K41: =IF(COUNTIF(A$4:A41,table[[#This Row],[Désignation]])=1,MAX(K$4:K40)+1) -> FALSE | L41: =IF(COUNTIF(B$4:B41,table[[#This Row],[Fournisseur ]])=1,MAX(L$4:L40)+1) -> FALSE | M41: =IF(COUNTIF(C$4:C41,table[[#This Row],[Détails]])=1,MAX(M$4:M40)+1) -> 37
A42: MP | B42: Barillet | C42: CP bouleau 21 mm | E42: 3.04 | F42: 1.53 | G42: 1 | H42: 19.22 | I42: 0 | J42: =Devis!$D$7 -> 0.1 | K42: =IF(COUNTIF(A$4:A42,table[[#This Row],[Désignation]])=1,MAX(K$4:K41)+1) -> FALSE | L42: =IF(COUNTIF(B$4:B42,table[[#This Row],[Fournisseur ]])=1,MAX(L$4:L41)+1) -> FALSE | M42: =IF(COUNTIF(C$4:C42,table[[#This Row],[Détails]])=1,MAX(M$4:M41)+1) -> 38
A43: MP | B43: Barillet | C43: CP bouleau 40 mm | E43: 3.04 | F43: 1.53 | G43: 1 | H43: 41 | I43: 0 | J43: =Devis!$D$7 -> 0.1 | K43: =IF(COUNTIF(A$4:A43,table[[#This Row],[Désignation]])=1,MAX(K$4:K42)+1) -> FALSE | L43: =IF(COUNTIF(B$4:B43,table[[#This Row],[Fournisseur ]])=1,MAX(L$4:L42)+1) -> FALSE | M43: =IF(COUNTIF(C$4:C43,table[[#This Row],[Détails]])=1,MAX(M$4:M42)+1) -> 39
A44: MP | B44: Barillet | C44: Compact | D44: basic | E44: 3.07 | F44: 1.32 | G44: 1 | H44: 96.7 | I44: 0 | J44: =Devis!$D$7 -> 0.1 | K44: =IF(COUNTIF(A$4:A44,table[[#This Row],[Désignation]])=1,MAX(K$4:K43)+1) -> FALSE | L44: =IF(COUNTIF(B$4:B44,table[[#This Row],[Fournisseur ]])=1,MAX(L$4:L43)+1) -> FALSE | M44: =IF(COUNTIF(C$4:C44,table[[#This Row],[Détails]])=1,MAX(M$4:M43)+1) -> 40
A45: MP | B45: Barillet | C45: CP chêne | D45: 18 mm | E45: 2.5 | F45: 1.22 | G45: 1 | H45: 32.17 | I45: 0 | J45: =Devis!$D$7 -> 0.1 | K45: =IF(COUNTIF(A$4:A45,table[[#This Row],[Désignation]])=1,MAX(K$4:K44)+1) -> FALSE | L45: =IF(COUNTIF(B$4:B45,table[[#This Row],[Fournisseur ]])=1,MAX(L$4:L44)+1) -> FALSE | M45: =IF(COUNTIF(C$4:C45,table[[#This Row],[Détails]])=1,MAX(M$4:M44)+1) -> 41
A46: MP | B46: Barillet | C46: Cp chêne 9 | D46: 9 mm | E46: 2.5 | F46: 1.24 | G46: 1 | H46: 23.12 | I46: 0 | J46: =Devis!$D$7 -> 0.1 | K46: =IF(COUNTIF(A$4:A46,table[[#This Row],[Désignation]])=1,MAX(K$4:K45)+1) -> FALSE | L46: =IF(COUNTIF(B$4:B46,table[[#This Row],[Fournisseur ]])=1,MAX(L$4:L45)+1) -> FALSE | M46: =IF(COUNTIF(C$4:C46,table[[#This Row],[Détails]])=1,MAX(M$4:M45)+1) -> 42
A47: MP | B47: Barillet | C47: CP peuplier | D47: 18 mm | E47: 2.5 | F47: 1.22 | G47: 1 | H47: 13.8 | I47: 0 | J47: =Devis!$D$7 -> 0.1 | K47: =IF(COUNTIF(A$4:A47,table[[#This Row],[Désignation]])=1,MAX(K$4:K46)+1) -> FALSE | L47: =IF(COUNTIF(B$4:B47,table[[#This Row],[Fournisseur ]])=1,MAX(L$4:L46)+1) -> FALSE | M47: =IF(COUNTIF(C$4:C47,table[[#This Row],[Détails]])=1,MAX(M$4:M46)+1) -> 43
A48: MP | B48: Barillet | C48: 3 plis douglas | D48: 19 mm | E48: 5 | F48: 2.05 | G48: 1 | H48: 26.55 | I48: 0 | J48: =Devis!$D$7 -> 0.1 | K48: =IF(COUNTIF(A$4:A48,table[[#This Row],[Désignation]])=1,MAX(K$4:K47)+1) -> FALSE | L48: =IF(COUNTIF(B$4:B48,table[[#This Row],[Fournisseur ]])=1,MAX(L$4:L47)+1) -> FALSE | M48: =IF(COUNTIF(C$4:C48,table[[#This Row],[Détails]])=1,MAX(M$4:M47)+1) -> 44
A49: MP | B49: Barillet | C49: sapin charpente | D49: 45 x 120 | E49: 5.1 | F49: 1 | G49: 1 | H49: 2.16 | I49: 0 | J49: =Devis!$D$7 -> 0.1 | K49: =IF(COUNTIF(A$4:A49,table[[#This Row],[Désignation]])=1,MAX(K$4:K48)+1) -> FALSE | L49: =IF(COUNTIF(B$4:B49,table[[#This Row],[Fournisseur ]])=1,MAX(L$4:L48)+1) -> FALSE | M49: =IF(COUNTIF(C$4:C49,table[[#This Row],[Détails]])=1,MAX(M$4:M48)+1) -> 45
A50: MP | B50: Barillet | C50: Cp Okoumé int | D50: 18 mm | E50: 2.5 | F50: 1.22 | G50: 1 | H50: 16.25 | I50: 0 | J50: =Devis!$D$7 -> 0.1 | K50: =IF(COUNTIF(A$4:A50,table[[#This Row],[Désignation]])=1,MAX(K$4:K49)+1) -> FALSE | L50: =IF(COUNTIF(B$4:B50,table[[#This Row],[Fournisseur ]])=1,MAX(L$4:L49)+1) -> FALSE | M50: =IF(COUNTIF(C$4:C50,table[[#This Row],[Détails]])=1,MAX(M$4:M49)+1) -> 46
A51: MP | B51: Barillet | C51: Sapin rouge | D51: planche | E51: 1 | F51: 5.4 | G51: 1 | H51: 4.16 | I51: 0 | J51: =Devis!$D$7 -> 0.1 | K51: =IF(COUNTIF(A$4:A51,table[[#This Row],[Désignation]])=1,MAX(K$4:K50)+1) -> FALSE | L51: =IF(COUNTIF(B$4:B51,table[[#This Row],[Fournisseur ]])=1,MAX(L$4:L50)+1) -> FALSE | M51: =IF(COUNTIF(C$4:C51,table[[#This Row],[Détails]])=1,MAX(M$4:M50)+1) -> 47
A52: MP | B52: Barillet | C52: CP | D52: 5mm | E52: 3.1 | F52: 1.53 | G52: 1 | H52: 7 | I52: 0 | J52: =Devis!$D$7 -> 0.1 | K52: =IF(COUNTIF(A$4:A52,table[[#This Row],[Désignation]])=1,MAX(K$4:K51)+1) -> FALSE | L52: =IF(COUNTIF(B$4:B52,table[[#This Row],[Fournisseur ]])=1,MAX(L$4:L51)+1) -> FALSE | M52: =IF(COUNTIF(C$4:C52,table[[#This Row],[Détails]])=1,MAX(M$4:M51)+1) -> 48
A53: QU | B53: Berner | C53: Colle MS | D53: 55451 | E53: 1 | F53: 1 | G53: 1 | H53: 7.99 | I53: 0 | J53: =Devis!$D$7 -> 0.1 | K53: =IF(COUNTIF(A$4:A53,table[[#This Row],[Désignation]])=1,MAX(K$4:K52)+1) -> FALSE | L53: =IF(COUNTIF(B$4:B53,table[[#This Row],[Fournisseur ]])=1,MAX(L$4:L52)+1) -> 5 | M53: =IF(COUNTIF(C$4:C53,table[[#This Row],[Détails]])=1,MAX(M$4:M52)+1) -> 49
A54: QU | B54: Berner | C54: colle néoprène | E54: 1 | F54: 1 | G54: 1 | H54: 1.6 | I54: 0 | J54: =Devis!$D$7 -> 0.1 | K54: =IF(COUNTIF(A$4:A54,table[[#This Row],[Désignation]])=1,MAX(K$4:K53)+1) -> FALSE | L54: =IF(COUNTIF(B$4:B54,table[[#This Row],[Fournisseur ]])=1,MAX(L$4:L53)+1) -> FALSE | M54: =IF(COUNTIF(C$4:C54,table[[#This Row],[Détails]])=1,MAX(M$4:M53)+1) -> 50
A55: QU | B55: Berner | C55: Forfait visserie | D55: Vis | E55: 1 | F55: 1 | G55: 1 | H55: 15 | I55: 0 | J55: =Devis!$D$7 -> 0.1 | K55: =IF(COUNTIF(A$4:A55,table[[#This Row],[Désignation]])=1,MAX(K$4:K54)+1) -> FALSE | L55: =IF(COUNTIF(B$4:B55,table[[#This Row],[Fournisseur ]])=1,MAX(L$4:L54)+1) -> FALSE | M55: =IF(COUNTIF(C$4:C55,table[[#This Row],[Détails]])=1,MAX(M$4:M54)+1) -> 51
A56: EM | B56: Berner | C56: clé allen | E56: 1 | F56: 1 | G56: 1 | H56: 0.41 | I56: 0 | J56: =Devis!$D$7 -> 0.1 | K56: =IF(COUNTIF(A$4:A56,table[[#This Row],[Désignation]])=1,MAX(K$4:K55)+1) -> 3 | L56: =IF(COUNTIF(B$4:B56,table[[#This Row],[Fournisseur ]])=1,MAX(L$4:L55)+1) -> FALSE | M56: =IF(COUNTIF(C$4:C56,table[[#This Row],[Détails]])=1,MAX(M$4:M55)+1) -> 52
A57: QU | B57: Berner | C57: Vis TBHC 8*50 | D57: 31797 | E57: 1 | F57: 1 | G57: 1 | H57: 7.24 | I57: 0 | J57: =Devis!$D$7 -> 0.1 | K57: =IF(COUNTIF(A$4:A57,table[[#This Row],[Désignation]])=1,MAX(K$4:K56)+1) -> FALSE | L57: =IF(COUNTIF(B$4:B57,table[[#This Row],[Fournisseur ]])=1,MAX(L$4:L56)+1) -> FALSE | M57: =IF(COUNTIF(C$4:C57,table[[#This Row],[Détails]])=1,MAX(M$4:M56)+1) -> 53
A58: QU | B58: Berner | C58: Rivet 4 x12 noir | D58: 22902 | E58: 1 | F58: 1 | G58: 1 | H58: 77.85 | I58: 0 | J58: =Devis!$D$7 -> 0.1 | K58: =IF(COUNTIF(A$4:A58,table[[#This Row],[Désignation]])=1,MAX(K$4:K57)+1) -> FALSE | L58: =IF(COUNTIF(B$4:B58,table[[#This Row],[Fournisseur ]])=1,MAX(L$4:L57)+1) -> FALSE | M58: =IF(COUNTIF(C$4:C58,table[[#This Row],[Détails]])=1,MAX(M$4:M57)+1) -> 54
A59: QU | B59: Berner | C59: Boulon 4 x 12 | D59: 999996 | E59: 1 | F59: 1 | G59: 1 | H59: 18.28 | I59: 0 | J59: =Devis!$D$7 -> 0.1 | K59: =IF(COUNTIF(A$4:A59,table[[#This Row],[Désignation]])=1,MAX(K$4:K58)+1) -> FALSE | L59: =IF(COUNTIF(B$4:B59,table[[#This Row],[Fournisseur ]])=1,MAX(L$4:L58)+1) -> FALSE | M59: =IF(COUNTIF(C$4:C59,table[[#This Row],[Détails]])=1,MAX(M$4:M58)+1) -> 55
A60: QU | B60: Berner | C60: Ecrou 4 | D60: 4332 | E60: 1 | F60: 1 | G60: 1 | H60: 3.85 | I60: 0 | J60: =Devis!$D$7 -> 0.1 | K60: =IF(COUNTIF(A$4:A60,table[[#This Row],[Désignation]])=1,MAX(K$4:K59)+1) -> FALSE | L60: =IF(COUNTIF(B$4:B60,table[[#This Row],[Fournisseur ]])=1,MAX(L$4:L59)+1) -> FALSE | M60: =IF(COUNTIF(C$4:C60,table[[#This Row],[Détails]])=1,MAX(M$4:M59)+1) -> 56
A61: QU | B61: Berner | C61: Sintobois | E61: 1 | F61: 1 | G61: 1 | H61: 38.33 | I61: 0 | J61: =Devis!$D$7 -> 0.1 | K61: =IF(COUNTIF(A$4:A61,table[[#This Row],[Désignation]])=1,MAX(K$4:K60)+1) -> FALSE | L61: =IF(COUNTIF(B$4:B61,table[[#This Row],[Fournisseur ]])=1,MAX(L$4:L60)+1) -> FALSE | M61: =IF(COUNTIF(C$4:C61,table[[#This Row],[Détails]])=1,MAX(M$4:M60)+1) -> 57
A62: QU | B62: Berner | C62: Kit placard | E62: 1 | F62: 1 | G62: 1 | H62: 229 | I62: 0 | J62: =Devis!$D$7 -> 0.1 | K62: =IF(COUNTIF(A$4:A62,table[[#This Row],[Désignation]])=1,MAX(K$4:K61)+1) -> FALSE | L62: =IF(COUNTIF(B$4:B62,table[[#This Row],[Fournisseur ]])=1,MAX(L$4:L61)+1) -> FALSE | M62: =IF(COUNTIF(C$4:C62,table[[#This Row],[Détails]])=1,MAX(M$4:M61)+1) -> 58
A63: MO | B63: Blomkal | C63: BE caché | D63: Normal | E63: 1 | F63: 1 | G63: 1 | H63: 55 | I63: 0 | J63: 0 | K63: =IF(COUNTIF(A$4:A63,table[[#This Row],[Désignation]])=1,MAX(K$4:K62)+1) -> 4 | L63: =IF(COUNTIF(B$4:B63,table[[#This Row],[Fournisseur ]])=1,MAX(L$4:L62)+1) -> 6 | M63: =IF(COUNTIF(C$4:C63,table[[#This Row],[Détails]])=1,MAX(M$4:M62)+1) -> 59
A64: MO | B64: Blomkal | C64: BE | D64: Normal | E64: 1 | F64: 1 | G64: 1 | H64: =Devis!$Q$3 -> 0 | I64: 0 | J64: 0 | K64: =IF(COUNTIF(A$4:A64,table[[#This Row],[Désignation]])=1,MAX(K$4:K63)+1) -> FALSE | L64: =IF(COUNTIF(B$4:B64,table[[#This Row],[Fournisseur ]])=1,MAX(L$4:L63)+1) -> FALSE | M64: =IF(COUNTIF(C$4:C64,table[[#This Row],[Détails]])=1,MAX(M$4:M63)+1) -> 60
A65: MO | B65: Blomkal | C65: Mise à plat | D65: Normal | E65: 1 | F65: 1 | G65: 1 | H65: =Devis!$Q$4 -> 0 | I65: 0 | J65: 0 | K65: =IF(COUNTIF(A$4:A65,table[[#This Row],[Désignation]])=1,MAX(K$4:K64)+1) -> FALSE | L65: =IF(COUNTIF(B$4:B65,table[[#This Row],[Fournisseur ]])=1,MAX(L$4:L64)+1) -> FALSE | M65: =IF(COUNTIF(C$4:C65,table[[#This Row],[Détails]])=1,MAX(M$4:M64)+1) -> 61
A66: MO | B66: Blomkal | C66: Programmation | D66: Normal | E66: 1 | F66: 1 | G66: 1 | H66: =Devis!$Q$5 -> 0 | I66: 0 | J66: 0 | K66: =IF(COUNTIF(A$4:A66,table[[#This Row],[Désignation]])=1,MAX(K$4:K65)+1) -> FALSE | L66: =IF(COUNTIF(B$4:B66,table[[#This Row],[Fournisseur ]])=1,MAX(L$4:L65)+1) -> FALSE | M66: =IF(COUNTIF(C$4:C66,table[[#This Row],[Détails]])=1,MAX(M$4:M65)+1) -> 62
A67: MO | B67: Blomkal | C67: Collage | D67: Normal | E67: 1 | F67: 1 | G67: 1 | H67: =Devis!$L$2 -> 60 | I67: 0 | J67: 0 | K67: =IF(COUNTIF(A$4:A67,table[[#This Row],[Désignation]])=1,MAX(K$4:K66)+1) -> FALSE | L67: =IF(COUNTIF(B$4:B67,table[[#This Row],[Fournisseur ]])=1,MAX(L$4:L66)+1) -> FALSE | M67: =IF(COUNTIF(C$4:C67,table[[#This Row],[Détails]])=1,MAX(M$4:M66)+1) -> 63
A68: MO | B68: Blomkal | C68: Usinage | D68: Normal | E68: 1 | F68: 1 | G68: 1 | H68: =Devis!$L$3 -> 80 | I68: 0 | J68: 0 | K68: =IF(COUNTIF(A$4:A68,table[[#This Row],[Désignation]])=1,MAX(K$4:K67)+1) -> FALSE | L68: =IF(COUNTIF(B$4:B68,table[[#This Row],[Fournisseur ]])=1,MAX(L$4:L67)+1) -> FALSE | M68: =IF(COUNTIF(C$4:C68,table[[#This Row],[Détails]])=1,MAX(M$4:M67)+1) -> 64
A69: MO | B69: Blomkal | C69: Montage | D69: Normal | E69: 1 | F69: 1 | G69: 1 | H69: =Devis!$L$4 -> 60 | I69: 0 | J69: 0 | K69: =IF(COUNTIF(A$4:A69,table[[#This Row],[Désignation]])=1,MAX(K$4:K68)+1) -> FALSE | L69: =IF(COUNTIF(B$4:B69,table[[#This Row],[Fournisseur ]])=1,MAX(L$4:L68)+1) -> FALSE | M69: =IF(COUNTIF(C$4:C69,table[[#This Row],[Détails]])=1,MAX(M$4:M68)+1) -> 65
A70: MO | B70: Blomkal | C70: Laque | D70: Normal | E70: 1 | F70: 1 | G70: 1 | H70: =Devis!$L$5 -> 60 | I70: 0 | J70: 0 | K70: =IF(COUNTIF(A$4:A70,table[[#This Row],[Désignation]])=1,MAX(K$4:K69)+1) -> FALSE | L70: =IF(COUNTIF(B$4:B70,table[[#This Row],[Fournisseur ]])=1,MAX(L$4:L69)+1) -> FALSE | M70: =IF(COUNTIF(C$4:C70,table[[#This Row],[Détails]])=1,MAX(M$4:M69)+1) -> 66
A71: MO | B71: Blomkal | C71: Re-montage | D71: Normal | E71: 1 | F71: 1 | G71: 1 | H71: =Devis!$L$6 -> 60 | I71: 0 | J71: 0 | K71: =IF(COUNTIF(A$4:A71,table[[#This Row],[Désignation]])=1,MAX(K$4:K70)+1) -> FALSE | L71: =IF(COUNTIF(B$4:B71,table[[#This Row],[Fournisseur ]])=1,MAX(L$4:L70)+1) -> FALSE | M71: =IF(COUNTIF(C$4:C71,table[[#This Row],[Détails]])=1,MAX(M$4:M70)+1) -> 67
A72: MO | B72: Blomkal | C72: Emballage | D72: Normal | E72: 1 | F72: 1 | G72: 1 | H72: =Devis!$L$7 -> 30 | I72: 0 | J72: 0 | K72: =IF(COUNTIF(A$4:A72,table[[#This Row],[Désignation]])=1,MAX(K$4:K71)+1) -> FALSE | L72: =IF(COUNTIF(B$4:B72,table[[#This Row],[Fournisseur ]])=1,MAX(L$4:L71)+1) -> FALSE | M72: =IF(COUNTIF(C$4:C72,table[[#This Row],[Détails]])=1,MAX(M$4:M71)+1) -> 68
A73: MO | B73: Blomkal | C73: Pose 1 | D73: Normal | E73: 1 | F73: 1 | G73: 1 | H73: =Devis!$Q$7 -> 60 | I73: 0 | J73: 0 | K73: =IF(COUNTIF(A$4:A73,table[[#This Row],[Désignation]])=1,MAX(K$4:K72)+1) -> FALSE | L73: =IF(COUNTIF(B$4:B73,table[[#This Row],[Fournisseur ]])=1,MAX(L$4:L72)+1) -> FALSE | M73: =IF(COUNTIF(C$4:C73,table[[#This Row],[Détails]])=1,MAX(M$4:M72)+1) -> 69
A74: MO | B74: Blomkal | C74: Pose 2 | D74: Normal | E74: 1 | F74: 1 | G74: 1 | H74: =Devis!$Q$8 -> 60 | I74: 0 | J74: 0 | K74: =IF(COUNTIF(A$4:A74,table[[#This Row],[Désignation]])=1,MAX(K$4:K73)+1) -> FALSE | L74: =IF(COUNTIF(B$4:B74,table[[#This Row],[Fournisseur ]])=1,MAX(L$4:L73)+1) -> FALSE | M74: =IF(COUNTIF(C$4:C74,table[[#This Row],[Détails]])=1,MAX(M$4:M73)+1) -> 70
A75: MO | B75: Blomkal | C75: Essence | D75: Minoré | E75: 1 | F75: 1 | G75: 1 | H75: 0 | I75: 0 | J75: 0 | K75: =IF(COUNTIF(A$4:A75,table[[#This Row],[Désignation]])=1,MAX(K$4:K74)+1) -> FALSE | L75: =IF(COUNTIF(B$4:B75,table[[#This Row],[Fournisseur ]])=1,MAX(L$4:L74)+1) -> FALSE | M75: =IF(COUNTIF(C$4:C75,table[[#This Row],[Détails]])=1,MAX(M$4:M74)+1) -> 71
A76: MO | B76: Blomkal | C76: Hotel | D76: Minoré | E76: 1 | F76: 1 | G76: 1 | H76: 75 | I76: 0 | J76: 0 | K76: =IF(COUNTIF(A$4:A76,table[[#This Row],[Désignation]])=1,MAX(K$4:K75)+1) -> FALSE | L76: =IF(COUNTIF(B$4:B76,table[[#This Row],[Fournisseur ]])=1,MAX(L$4:L75)+1) -> FALSE | M76: =IF(COUNTIF(C$4:C76,table[[#This Row],[Détails]])=1,MAX(M$4:M75)+1) -> 72
A77: MO | B77: Blomkal | C77: Repas | D77: Minoré | E77: 1 | F77: 1 | G77: 1 | H77: 17 | I77: 0 | J77: 0 | K77: =IF(COUNTIF(A$4:A77,table[[#This Row],[Désignation]])=1,MAX(K$4:K76)+1) -> FALSE | L77: =IF(COUNTIF(B$4:B77,table[[#This Row],[Fournisseur ]])=1,MAX(L$4:L76)+1) -> FALSE | M77: =IF(COUNTIF(C$4:C77,table[[#This Row],[Détails]])=1,MAX(M$4:M76)+1) -> 73
A78: FO | B78: Blomkal | C78: Colette | D78: XL | E78: 1 | F78: 1 | G78: 1 | H78: 291.66 | I78: 0 | J78: =Devis!$D$7 -> 0.1 | K78: =IF(COUNTIF(A$4:A78,table[[#This Row],[Désignation]])=1,MAX(K$4:K77)+1) -> 5 | L78: =IF(COUNTIF(B$4:B78,table[[#This Row],[Fournisseur ]])=1,MAX(L$4:L77)+1) -> FALSE | M78: =IF(COUNTIF(C$4:C78,table[[#This Row],[Détails]])=1,MAX(M$4:M77)+1) -> 74
A79: FO | B79: Blomkal | C79: Pied compas | D79: L | E79: 1 | F79: 1 | G79: 1 | H79: 70 | I79: 0 | J79: =Devis!$D$7 -> 0.1 | K79: =IF(COUNTIF(A$4:A79,table[[#This Row],[Désignation]])=1,MAX(K$4:K78)+1) -> FALSE | L79: =IF(COUNTIF(B$4:B79,table[[#This Row],[Fournisseur ]])=1,MAX(L$4:L78)+1) -> FALSE | M79: =IF(COUNTIF(C$4:C79,table[[#This Row],[Détails]])=1,MAX(M$4:M78)+1) -> 75
A80: FO | B80: Blomkal | C80: Pied tourné | D80: L | E80: 1 | F80: 1 | G80: 1 | I80: 0 | J80: =Devis!$D$7 -> 0.1 | K80: =IF(COUNTIF(A$4:A80,table[[#This Row],[Désignation]])=1,MAX(K$4:K79)+1) -> FALSE | L80: =IF(COUNTIF(B$4:B80,table[[#This Row],[Fournisseur ]])=1,MAX(L$4:L79)+1) -> FALSE | M80: =IF(COUNTIF(C$4:C80,table[[#This Row],[Détails]])=1,MAX(M$4:M79)+1) -> 76
A81: FO | B81: Blomkal | C81: Tray | E81: 1 | F81: 1 | G81: 1 | H81: ??b | I81: 0 | J81: =Devis!$D$7 -> 0.1 | K81: =IF(COUNTIF(A$4:A81,table[[#This Row],[Désignation]])=1,MAX(K$4:K80)+1) -> FALSE | L81: =IF(COUNTIF(B$4:B81,table[[#This Row],[Fournisseur ]])=1,MAX(L$4:L80)+1) -> FALSE | M81: =IF(COUNTIF(C$4:C81,table[[#This Row],[Détails]])=1,MAX(M$4:M80)+1) -> 77
A82: FO | B82: Blomkal | C82: Miroir Normand | E82: 1 | F82: 1 | G82: 1 | H82: 41.58 | I82: 0 | J82: =Devis!$D$7 -> 0.1 | K82: =IF(COUNTIF(A$4:A82,table[[#This Row],[Désignation]])=1,MAX(K$4:K81)+1) -> FALSE | L82: =IF(COUNTIF(B$4:B82,table[[#This Row],[Fournisseur ]])=1,MAX(L$4:L81)+1) -> FALSE | M82: =IF(COUNTIF(C$4:C82,table[[#This Row],[Détails]])=1,MAX(M$4:M81)+1) -> 78
A83: FO | B83: Blomkal | C83: Miroir André | E83: 1 | F83: 1 | G83: 1 | H83: 200 | I83: 0 | J83: =Devis!$D$7 -> 0.1 | K83: =IF(COUNTIF(A$4:A83,table[[#This Row],[Désignation]])=1,MAX(K$4:K82)+1) -> FALSE | L83: =IF(COUNTIF(B$4:B83,table[[#This Row],[Fournisseur ]])=1,MAX(L$4:L82)+1) -> FALSE | M83: =IF(COUNTIF(C$4:C83,table[[#This Row],[Détails]])=1,MAX(M$4:M82)+1) -> 79
A84: FO | B84: Blomkal | C84: Rail Rose | E84: 1 | F84: 1 | G84: 1 | H84: 57.83 | I84: 0 | J84: =Devis!$D$7 -> 0.1 | K84: =IF(COUNTIF(A$4:A84,table[[#This Row],[Désignation]])=1,MAX(K$4:K83)+1) -> FALSE | L84: =IF(COUNTIF(B$4:B84,table[[#This Row],[Fournisseur ]])=1,MAX(L$4:L83)+1) -> FALSE | M84: =IF(COUNTIF(C$4:C84,table[[#This Row],[Détails]])=1,MAX(M$4:M83)+1) -> 80
A85: FO | B85: Blomkal | C85: Apoline | E85: 1 | F85: 1 | G85: 1 | H85: 55.87 | I85: 0 | J85: =Devis!$D$7 -> 0.1 | K85: =IF(COUNTIF(A$4:A85,table[[#This Row],[Désignation]])=1,MAX(K$4:K84)+1) -> FALSE | L85: =IF(COUNTIF(B$4:B85,table[[#This Row],[Fournisseur ]])=1,MAX(L$4:L84)+1) -> FALSE | M85: =IF(COUNTIF(C$4:C85,table[[#This Row],[Détails]])=1,MAX(M$4:M84)+1) -> 81
A86: FO | B86: Blomkal | C86: Patère | E86: 1 | F86: 1 | G86: 1 | H86: 24.16 | I86: 0 | J86: =Devis!$D$7 -> 0.1 | K86: =IF(COUNTIF(A$4:A86,table[[#This Row],[Désignation]])=1,MAX(K$4:K85)+1) -> FALSE | L86: =IF(COUNTIF(B$4:B86,table[[#This Row],[Fournisseur ]])=1,MAX(L$4:L85)+1) -> FALSE | M86: =IF(COUNTIF(C$4:C86,table[[#This Row],[Détails]])=1,MAX(M$4:M85)+1) -> 82
A87: MO | B87: Blomkal | C87: Bastien | E87: 1 | F87: 1 | G87: 1 | H87: 1500 | I87: 0 | J87: =Devis!$D$7 -> 0.1 | K87: =IF(COUNTIF(A$4:A87,table[[#This Row],[Désignation]])=1,MAX(K$4:K86)+1) -> FALSE | L87: =IF(COUNTIF(B$4:B87,table[[#This Row],[Fournisseur ]])=1,MAX(L$4:L86)+1) -> FALSE | M87: =IF(COUNTIF(C$4:C87,table[[#This Row],[Détails]])=1,MAX(M$4:M86)+1) -> 83
A88: QU | B88: Blum | C88: Charnière porte applique | D88: 216468 | E88: 1 | F88: 1 | G88: 1 | H88: 2.18 | I88: 0 | J88: =Devis!$D$7 -> 0.1 | K88: =IF(COUNTIF(A$4:A88,table[[#This Row],[Désignation]])=1,MAX(K$4:K87)+1) -> FALSE | L88: =IF(COUNTIF(B$4:B88,table[[#This Row],[Fournisseur ]])=1,MAX(L$4:L87)+1) -> 7 | M88: =IF(COUNTIF(C$4:C88,table[[#This Row],[Détails]])=1,MAX(M$4:M87)+1) -> 84
A89: QU | B89: Blum | C89: Embase droite | D89: 247957 | E89: 1 | F89: 1 | G89: 1 | H89: 0.35 | I89: 0 | J89: =Devis!$D$7 -> 0.1 | K89: =IF(COUNTIF(A$4:A89,table[[#This Row],[Désignation]])=1,MAX(K$4:K88)+1) -> FALSE | L89: =IF(COUNTIF(B$4:B89,table[[#This Row],[Fournisseur ]])=1,MAX(L$4:L88)+1) -> FALSE | M89: =IF(COUNTIF(C$4:C89,table[[#This Row],[Détails]])=1,MAX(M$4:M88)+1) -> 85
A90: QU | B90: Blum | C90: Charnière porte rentrante | D90: 216468 | E90: 1 | F90: 1 | G90: 1 | H90: 2.18 | I90: 0 | J90: =Devis!$D$7 -> 0.1 | K90: =IF(COUNTIF(A$4:A90,table[[#This Row],[Désignation]])=1,MAX(K$4:K89)+1) -> FALSE | L90: =IF(COUNTIF(B$4:B90,table[[#This Row],[Fournisseur ]])=1,MAX(L$4:L89)+1) -> FALSE | M90: =IF(COUNTIF(C$4:C90,table[[#This Row],[Détails]])=1,MAX(M$4:M89)+1) -> 86
A91: QU | B91: Blum | C91: Boitier pousse lache | D91: 226779 | E91: 1 | F91: 1 | G91: 1 | H91: 0.69 | I91: 0 | J91: =Devis!$D$7 -> 0.1 | K91: =IF(COUNTIF(A$4:A91,table[[#This Row],[Désignation]])=1,MAX(K$4:K90)+1) -> FALSE | L91: =IF(COUNTIF(B$4:B91,table[[#This Row],[Fournisseur ]])=1,MAX(L$4:L90)+1) -> FALSE | M91: =IF(COUNTIF(C$4:C91,table[[#This Row],[Détails]])=1,MAX(M$4:M90)+1) -> 87
A92: QU | B92: Blum | C92: pousse lache | D92: 226702 | E92: 1 | F92: 1 | G92: 1 | H92: 2.8 | I92: 0 | J92: =Devis!$D$7 -> 0.1 | K92: =IF(COUNTIF(A$4:A92,table[[#This Row],[Désignation]])=1,MAX(K$4:K91)+1) -> FALSE | L92: =IF(COUNTIF(B$4:B92,table[[#This Row],[Fournisseur ]])=1,MAX(L$4:L91)+1) -> FALSE | M92: =IF(COUNTIF(C$4:C92,table[[#This Row],[Détails]])=1,MAX(M$4:M91)+1) -> 88
A93: QU | B93: Blum | C93: Tiroir legrabox moyenne | E93: 1 | F93: 1 | G93: 1 | H93: 80 | I93: 0 | J93: =Devis!$D$7 -> 0.1 | K93: =IF(COUNTIF(A$4:A93,table[[#This Row],[Désignation]])=1,MAX(K$4:K92)+1) -> FALSE | L93: =IF(COUNTIF(B$4:B93,table[[#This Row],[Fournisseur ]])=1,MAX(L$4:L92)+1) -> FALSE | M93: =IF(COUNTIF(C$4:C93,table[[#This Row],[Détails]])=1,MAX(M$4:M92)+1) -> 89
A94: QU | B94: Blum | C94: Calle d'angle +-5 | D94: 213738 | E94: 1 | F94: 1 | G94: 1 | H94: 0.43 | I94: 0 | J94: =Devis!$D$7 -> 0.1 | K94: =IF(COUNTIF(A$4:A94,table[[#This Row],[Désignation]])=1,MAX(K$4:K93)+1) -> FALSE | L94: =IF(COUNTIF(B$4:B94,table[[#This Row],[Fournisseur ]])=1,MAX(L$4:L93)+1) -> FALSE | M94: =IF(COUNTIF(C$4:C94,table[[#This Row],[Détails]])=1,MAX(M$4:M93)+1) -> 90
A95: QU | B95: Blum | C95: Charnière -45° | D95: 213738 | E95: 1 | F95: 1 | G95: 1 | H95: 4.89 | I95: 0 | J95: =Devis!$D$7 -> 0.1 | K95: =IF(COUNTIF(A$4:A95,table[[#This Row],[Désignation]])=1,MAX(K$4:K94)+1) -> FALSE | L95: =IF(COUNTIF(B$4:B95,table[[#This Row],[Fournisseur ]])=1,MAX(L$4:L94)+1) -> FALSE | M95: =IF(COUNTIF(C$4:C95,table[[#This Row],[Détails]])=1,MAX(M$4:M94)+1) -> 91
A96: QU | B96: Blum | C96: Embase en croix | D96: 213857 | E96: 1 | F96: 1 | G96: 1 | H96: 0.36 | I96: 0 | J96: =Devis!$D$7 -> 0.1 | K96: =IF(COUNTIF(A$4:A96,table[[#This Row],[Désignation]])=1,MAX(K$4:K95)+1) -> FALSE | L96: =IF(COUNTIF(B$4:B96,table[[#This Row],[Fournisseur ]])=1,MAX(L$4:L95)+1) -> FALSE | M96: =IF(COUNTIF(C$4:C96,table[[#This Row],[Détails]])=1,MAX(M$4:M95)+1) -> 92
A97: QU | B97: Blum | C97: Aventos HF standard | D97: 241167 | E97: 1 | F97: 1 | G97: 1 | H97: 88.69 | I97: 0 | J97: =Devis!$D$7 -> 0.1 | K97: =IF(COUNTIF(A$4:A97,table[[#This Row],[Désignation]])=1,MAX(K$4:K96)+1) -> FALSE | L97: =IF(COUNTIF(B$4:B97,table[[#This Row],[Fournisseur ]])=1,MAX(L$4:L96)+1) -> FALSE | M97: =IF(COUNTIF(C$4:C97,table[[#This Row],[Détails]])=1,MAX(M$4:M96)+1) -> 93
A98: QU | B98: Blum | C98: Charnière porte applique n | D98: Noir | E98: 1 | F98: 1 | G98: 1 | H98: 2.57 | I98: 0 | J98: =Devis!$D$7 -> 0.1 | K98: =IF(COUNTIF(A$4:A98,table[[#This Row],[Désignation]])=1,MAX(K$4:K97)+1) -> FALSE | L98: =IF(COUNTIF(B$4:B98,table[[#This Row],[Fournisseur ]])=1,MAX(L$4:L97)+1) -> FALSE | M98: =IF(COUNTIF(C$4:C98,table[[#This Row],[Détails]])=1,MAX(M$4:M97)+1) -> 94
A99: QU | B99: Blum | C99: Charnière porte rentrante n | D99: Noir | E99: 1 | F99: 1 | G99: 1 | H99: 2.58 | I99: 0 | J99: =Devis!$D$7 -> 0.1 | K99: =IF(COUNTIF(A$4:A99,table[[#This Row],[Désignation]])=1,MAX(K$4:K98)+1) -> FALSE | L99: =IF(COUNTIF(B$4:B99,table[[#This Row],[Fournisseur ]])=1,MAX(L$4:L98)+1) -> FALSE | M99: =IF(COUNTIF(C$4:C99,table[[#This Row],[Détails]])=1,MAX(M$4:M98)+1) -> 95
A100: QU | B100: Blum | C100: Embase droite n | D100: Noir | E100: 1 | F100: 1 | G100: 1 | H100: 0.38 | I100: 0 | J100: =Devis!$D$7 -> 0.1 | K100: =IF(COUNTIF(A$4:A100,table[[#This Row],[Désignation]])=1,MAX(K$4:K99)+1) -> FALSE | L100: =IF(COUNTIF(B$4:B100,table[[#This Row],[Fournisseur ]])=1,MAX(L$4:L99)+1) -> FALSE | M100: =IF(COUNTIF(C$4:C100,table[[#This Row],[Détails]])=1,MAX(M$4:M99)+1) -> 96
A101: QU | B101: Bonnemazou | C101: Poignée x2 | E101: 1 | F101: 1 | G101: 1 | H101: 426.67 | I101: 0 | J101: =Devis!$D$7 -> 0.1 | K101: =IF(COUNTIF(A$4:A101,table[[#This Row],[Désignation]])=1,MAX(K$4:K100)+1) -> FALSE | L101: =IF(COUNTIF(B$4:B101,table[[#This Row],[Fournisseur ]])=1,MAX(L$4:L100)+1) -> 8 | M101: =IF(COUNTIF(C$4:C101,table[[#This Row],[Détails]])=1,MAX(M$4:M100)+1) -> 97
A102: QU | B102: Bonnemazou | C102: Plaque x2 | E102: 1 | F102: 1 | G102: 1 | H102: 485 | I102: 0 | J102: =Devis!$D$7 -> 0.1 | K102: =IF(COUNTIF(A$4:A102,table[[#This Row],[Désignation]])=1,MAX(K$4:K101)+1) -> FALSE | L102: =IF(COUNTIF(B$4:B102,table[[#This Row],[Fournisseur ]])=1,MAX(L$4:L101)+1) -> FALSE | M102: =IF(COUNTIF(C$4:C102,table[[#This Row],[Détails]])=1,MAX(M$4:M101)+1) -> 98
...

Sheet Paramètres
B2: Désignation | D2: Désignation | E2: Fournisseur | G2: Désignation | H2: Fournisseur | I2: Détails | J2: Index
B3: EM | D3: EM | E3: Berner | G3: EM | H3: Berner | I3: clé allen | J3: =Détail[[#This Row],[Désignation]]&Détail[[#This Row],[Fournisseur ]] -> EMBerner
B4: Essai | D4: EM | E4: Cenpac | G4: EM | H4: Cenpac | I4: Cornières carton | J4: =Détail[[#This Row],[Désignation]]&Détail[[#This Row],[Fournisseur ]] -> EMCenpac
B5: FO | D5: Essai | E5: test | G5: EM | H5: Cenpac | I5: autocollant livraison | J5: =Détail[[#This Row],[Désignation]]&Détail[[#This Row],[Fournisseur ]] -> EMCenpac
B6: MO | D6: FO | E6: Blomkal | G6: EM | H6: Cenpac | I6: calle crémaière | J6: =Détail[[#This Row],[Désignation]]&Détail[[#This Row],[Fournisseur ]] -> EMCenpac
B7: MP | D7: MO | E7: Blomkal | G7: EM | H7: Cenpac | I7: carte merci | J7: =Détail[[#This Row],[Désignation]]&Détail[[#This Row],[Fournisseur ]] -> EMCenpac
B8: PE | D8: MP | E8: AJ Timber | G8: EM | H8: Cenpac | I8: carton | J8: =Détail[[#This Row],[Désignation]]&Détail[[#This Row],[Fournisseur ]] -> EMCenpac
B9: QU | D9: MP | E9: Abet laminati | G9: EM | H9: Cenpac | I9: cornières mousse | J9: =Détail[[#This Row],[Désignation]]&Détail[[#This Row],[Fournisseur ]] -> EMCenpac
B10: Test | D10: MP | E10: Barillet | G10: EM | H10: Cenpac | I10: pochette BL | J10: =Détail[[#This Row],[Désignation]]&Détail[[#This Row],[Fournisseur ]] -> EMCenpac
D11: MP | E11: CACC | G11: EM | H11: Cenpac | I11: pochette tissu | J11: =Détail[[#This Row],[Désignation]]&Détail[[#This Row],[Fournisseur ]] -> EMCenpac
D12: MP | E12: Corian | G12: EM | H12: Cenpac | I12: rouleau bulle | J12: =Détail[[#This Row],[Désignation]]&Détail[[#This Row],[Fournisseur ]] -> EMCenpac
D13: MP | E13: Ebene | G13: EM | H13: Cenpac | I13: rouleau doufine | J13: =Détail[[#This Row],[Désignation]]&Détail[[#This Row],[Fournisseur ]] -> EMCenpac
D14: MP | E14: Egger | G14: Essai | H14: test | I14: toto99 | J14: =Détail[[#This Row],[Désignation]]&Détail[[#This Row],[Fournisseur ]] -> Essaitest
D15: MP | E15: Glass solution | G15: FO | H15: Blomkal | I15: Apoline | J15: =Détail[[#This Row],[Désignation]]&Détail[[#This Row],[Fournisseur ]] -> FOBlomkal
D16: MP | E16: Hubler | G16: FO | H16: Blomkal | I16: Colette | J16: =Détail[[#This Row],[Désignation]]&Détail[[#This Row],[Fournisseur ]] -> FOBlomkal
D17: MP | E17: Krono | G17: FO | H17: Blomkal | I17: Miroir André | J17: =Détail[[#This Row],[Désignation]]&Détail[[#This Row],[Fournisseur ]] -> FOBlomkal
D18: MP | E18: LTL | G18: FO | H18: Blomkal | I18: Miroir Normand | J18: =Détail[[#This Row],[Désignation]]&Détail[[#This Row],[Fournisseur ]] -> FOBlomkal
D19: MP | E19: Médiland | G19: FO | H19: Blomkal | I19: Patère | J19: =Détail[[#This Row],[Désignation]]&Détail[[#This Row],[Fournisseur ]] -> FOBlomkal
D20: MP | E20: Oberflex | G20: FO | H20: Blomkal | I20: Pied compas | J20: =Détail[[#This Row],[Désignation]]&Détail[[#This Row],[Fournisseur ]] -> FOBlomkal
D21: MP | E21: Osterman | G21: FO | H21: Blomkal | I21: Pied tourné | J21: =Détail[[#This Row],[Désignation]]&Détail[[#This Row],[Fournisseur ]] -> FOBlomkal
D22: MP | E22: Panofrance | G22: FO | H22: Blomkal | I22: Rail Rose | J22: =Détail[[#This Row],[Désignation]]&Détail[[#This Row],[Fournisseur ]] -> FOBlomkal
... D53: Test | E53: bidule | G53: MP | H53: Barillet | I53: Aggloméré19 mm | J53: =Détail[[#This Row],[Désignation]]&Détail[[#This Row],[Fournisseur ]] -> MPBarillet
G54: MP | H54: Barillet | I54: Aggloméré22 mm | J54: =Détail[[#This Row],[Désignation]]&Détail[[#This Row],[Fournisseur ]] -> MPBarillet
G55: MP | H55: Barillet | I55: AggloméréCTBH 19 mm | J55: =Détail[[#This Row],[Désignation]]&Détail[[#This Row],[Fournisseur ]] -> MPBarillet
G56: MP | H56: Barillet | I56: Bois d'ossature | J56: =Détail[[#This Row],[Désignation]]&Détail[[#This Row],[Fournisseur ]] -> MPBarillet
G57: MP | H57: Barillet | I57: CP | J57: =Détail[[#This Row],[Désignation]]&Détail[[#This Row],[Fournisseur ]] -> MPBarillet
G58: MP | H58: Barillet | I58: CP 15 mm okoumé | J58: =Détail[[#This Row],[Désignation]]&Détail[[#This Row],[Fournisseur ]] -> MPBarillet
G59: MP | H59: Barillet | I59: CP 18 mm chêne | J59: =Détail[[#This Row],[Désignation]]&Détail[[#This Row],[Fournisseur ]] -> MPBarillet
G60: MP | H60: Barillet | I60: CP 5 mm chêne | J60: =Détail[[#This Row],[Désignation]]&Détail[[#This Row],[Fournisseur ]] -> MPBarillet
G61: MP | H61: Barillet | I61: CP Peuplier 30 mm | J61: =Détail[[#This Row],[Désignation]]&Détail[[#This Row],[Fournisseur ]] -> MPBarillet
G62: MP | H62: Barillet | I62: CP bouleau 18 mm | J62: =Détail[[#This Row],[Désignation]]&Détail[[#This Row],[Fournisseur ]] -> MPBarillet
G63: MP | H63: Barillet | I63: CP bouleau 21 mm | J63: =Détail[[#This Row],[Désignation]]&Détail[[#This Row],[Fournisseur ]] -> MPBarillet
G64: MP | H64: Barillet | I64: CP bouleau 30 mm | J64: =Détail[[#This Row],[Désignation]]&Détail[[#This Row],[Fournisseur ]] -> MPBarillet
G65: MP | H65: Barillet | I65: CP bouleau 40 mm | J65: =Détail[[#This Row],[Désignation]]&Détail[[#This Row],[Fournisseur ]] -> MPBarillet
... G411: Test | H411: bidule | I411: ouhou | J411: =Détail[[#This Row],[Désignation]]&Détail[[#This Row],[Fournisseur ]] -> Testbidule
